 Dungeon Crawl Stone Soup version 0.30-a0-845-g7c6808c8ce (webtiles) character file.

Game seed: 2921969815758021525

288 jasper the Magician (level 6, -3/32 HPs)
             Began as a Deep Elf Earth Elementalist on Mar 2, 2023.
             Slain by a sleepcap (6 damage)
             ... on level 5 of the Dungeon.
             The game lasted 00:03:44 (1814 turns).

jasper the Magician (Deep Elf Earth Elementalist)   Turns: 1814, Time: 00:03:45

Health: -3/32      AC:  3    Str:  5    XL:     6   Next: 9%
Magic:  9/17       EV:  2    Int: 22    God:
Gold:   47         SH:  0    Dex: 15    Spells: 7/17 levels left

rFire   . . .      SeeInvis .    e - +1 short sword
rCold   . . .      Faith    .    (no shield)
rNeg    . . .      Spirit   .    a - +0 robe
rPois   .          Reflect  .    f - +0 helmet
rElec   .          Rampage  .    (no cloak)
rCorr   .                        (no gloves)
Will    .....                    (no boots)
Stlth   ++                       (no amulet)
HPRegen 0.25/turn                (no ring)
MPRegen 0.15/turn                (no ring)

@: sleeping, very slightly contaminated, invisible
A: no striking features
a: no special abilities


You were on level 5 of the Dungeon.
You visited 1 branch of the dungeon, and saw 5 of its levels.

You collected 77 gold pieces.
You spent 30 gold pieces at shops.

Inventory:

Hand Weapons
 e - a +1 short sword (weapon)
Missiles
 c - 2 poisoned darts
Armour
 a - a +0 robe (worn)
 f - a +0 helmet (worn)
Jewellery
 l - a ring of see invisible
Scrolls
 g - a scroll of magic mapping
Potions
 b - a potion of magic
 d - a potion of attraction


   Skills:
 - Level 2.4 Dodging
 - Level 2.4 Stealth
 - Level 6.1 Spellcasting
 + Level 3.1 Conjurations
 - Level 1.1 Transmutations
 - Level 5.0 Earth Magic


You had 7 spell levels left.
You knew the following spells:

 Your Spells              Type           Power      Damage    Failure   Level
a - Sandblast             Erth           56%        2d13      1%          1
b - Passwall              Tmut/Erth      16%        N/A       4%          2
c - Stone Arrow           Conj/Erth      48%        3d10      4%          3
d - Petrify               Tmut/Erth      20%        N/A       26%         4

Your spell library contained the following spells:

 Spells                   Type           Power      Damage    Failure   Level
 Foxfire                  Conj/Fire      52%        2x1d6     4%          1
 Beastly Appendage        Tmut           22%        N/A       6%          1
 Wereblood                Tmut           11%        N/A       9%          2
 Spider Form              Tmut/Pois      9%         N/A       22%         3
 Fireball                 Conj/Fire      6%         3d5       78%         5
 Starburst                Conj/Fire      6%         6d4       100%        6


Dungeon Overview and Level Annotations

Branches:
Dungeon (5/15)
 Temple: D:4-7

Altars:

Shops:
D:2 *   D:3 *


Message History

Aiming: Sandblast (safe; 1% risk of failure)
Press: ? - help, Q - select action, (/) - cycle Shift-Dir - straight line, f/p - sleepcap
Aim: a sleepcap (lightly damaged, unable to see you, 100% to hit)
The blast of sand hits the sleepcap.
The sleepcap is moderately damaged.
The sleepcap releases spores at you but does no damage. x2
You now have 11/17 mp.
Aiming: Sandblast (safe; 1% risk of failure)
Press: ? - help, Q - select action, (/) - cycle Shift-Dir - straight line, f/p - sleepcap
Aim: a sleepcap (moderately damaged, unable to see you, 100% to hit)
The blast of sand hits the sleepcap.
The sleepcap is moderately damaged.
The sleepcap releases spores at you.
You are engulfed in a cloud of soporific spores!
You fall asleep.
The sleepcap releases spores at you!
You wake up.
* * * LOW HITPOINT WARNING * * *
You are engulfed in a cloud of soporific spores!
You take 11 damage, and have 4/32 hp.
MASSIVE DAMAGE!!
You now have 10/17 mp.
Unknown command.
Aiming: Sandblast (safe; 1% risk of failure)
Press: ? - help, Q - select action, (/) - cycle Shift-Dir - straight line, f/p - sleepcap
Aim: a sleepcap (moderately damaged, unable to see you, 100% to hit)
You miscast Sandblast.
You are very lightly contaminated with residual magic.
Nothing appears to happen.
The sleepcap closely misses you.
You feel better. The sleepcap closely misses you.
You regained 5 hp, and now have 9/32 hp.
Aiming: Sandblast (safe; 1% risk of failure)
Press: ? - help, Q - select action, (/) - cycle Shift-Dir - straight line, f/p - sleepcap
Aim: a sleepcap (moderately damaged, unable to see you, 100% to hit)
The blast of sand hits the sleepcap.
The sleepcap is heavily damaged.
The sleepcap releases spores at you!
* * * LOW HITPOINT WARNING * * *
You are engulfed in a cloud of soporific spores!
You fall asleep.
The sleepcap releases spores at you.
You die...

...# #....
....# ....#
..........#
#....#...#
....#...
..... #†.#
#.@#
#..f..#
#....##
#....##
....##
..... ....
....


You could see a sleepcap (unable to see you).

Vanquished Creatures
  Sigmund (D:2)
  A black bear (D:5)
  2 dart slugs (D:2)
  An orc (D:3)
  3 endoplasms
  3 goblins
  5 hobgoblins
  A ball python (D:2)
  7 bats
  A frilled lizard (D:1)
  6 kobolds
  3 rats
34 creatures vanquished.

Notes
Turn   | Place    | Note
-------+----------+-------------------------------------------
     0 | D:1      | jasper the Deep Elf Earth Elementalist began the quest for
                  | the Orb.
     0 | D:1      | Reached XP level 1. HP: 10/10 MP: 6/6
   381 | D:1      | Reached XP level 2. HP: 15/15 MP: 8/8
   384 | D:1      | Learned a level 2 spell: Passwall
  1018 | D:2      | Noticed Sigmund
  1028 | D:2      | Killed Sigmund
  1029 | D:2      | Reached skill level 5 in Earth Magic
  1029 | D:2      | Reached skill level 6 in Spellcasting
  1029 | D:2      | Reached XP level 3. HP: 5/19 MP: 0/12
  1029 | D:2      | Reached XP level 4. HP: 6/24 MP: 0/14
  1029 | D:2      | Reached XP level 5. HP: 7/28 MP: 0/15
  1033 | D:2      | Learned a level 3 spell: Stone Arrow
  1038 | D:2      | Learned a level 4 spell: Petrify
  1247 | D:2      | Found Zeiniug's General Store.
  1429 | D:2      | Reached skill level 1 in Conjurations
  1601 | D:2      | Bought a potion of curing for 30 gold pieces
  1683 | D:3      | Found Oxuttutz's Assorted Antiques.
  1775 | D:3      | Identified the +4 scale mail of Reason {Harm Str+3 Int+4}
  1775 | D:3      | You fall into a shaft and drop 1 floor!
  1791 | D:4      | Noticed a black bear
  1802 | D:5      | Entered Level 5 of the Dungeon
  1804 | D:5      | Killed a black bear
  1805 | D:5      | Reached XP level 6. HP: 24/32 MP: 14/17
  1814 | D:5      | Slain by a sleepcap

Illustrated notes

Levels and vault maps discovered:
D:1:      saegor_arrival_under_anarchy, layout_loops_ring
D:2:      layout_rooms, serial_shops, shop, uniq_sigmund
D:3:      layout_rooms, serial_shops, shop, shop_statue, shop_statue,
          gup_sewer_entry_spiral
D:4:      layout_rooms, ebering_ghost_gozag, uniq_ijyb
D:5:      nicolae_cairo_tiling_very_big, layout_cave_pools, minmay_checkerbox

Skill      XL: |  1  2  3  4  5 |
---------------+----------------+-----
Earth Magic    | 5 |  5.0
Spellcasting   | 6 |  6.1
Conjurations   | 3 |  3.1
Dodging        | |  2.4
Stealth        | |  2.4
Transmutations | |  1.1

Action                     |  1- 3 |  4- 6 || total
---------------------------+-------+-------++-------
  Throw: Dart              |     7 |       ||     7
   Cast: Sandblast         |    33 |    26 ||    59
    Use: Scroll            |     2 |     6 ||     8
         Potion            |     1 |     2 ||     3
 Armour: Robe              |       |     5 ||     5
  Dodge: Dodged            |     6 |    18 ||    24

Table legend: (Time is in decaauts)
 A = Elapsed time spent in this place.
 B = Non-inter-level travel time spent in this place.
 C = Inter-level travel time spent in this place.
 D = Time resting spent in this place.
 E = Time spent auto-exploring this place.
 F = Levels seen in this place.
 G = Mean time per level.
                   A        B        C        D        E       F      G
               +--------+--------+--------+--------+--------+-----+--------+
         Total |   1841 |   1767 |     74 |    249 |   1244 |   5 |  368.2 |
       Dungeon |   1841 |   1767 |     74 |    249 |   1244 |   5 |  368.2 |
               +--------+--------+--------+--------+--------+-----+--------+

Top non-repeatable levels by time:
     D:1: 900 daAuts
     D:2: 735 daAuts
     D:3: 163 daAuts
     D:4: 26 daAuts
     D:5: 15 daAuts
